 Dungeon Crawl Stone Soup version 0.31-a0-981-geadf994542 (webtiles) character file.

Game seed: 5838965145430581330

202 Majang the Changeling (level 5, -4/22 HPs)
             Began as a Felid Shapeshifter on Nov 1, 2023.
             Was an Initiate of Dithmenos.
             Killed from afar by an orc wizard (14 damage)
             ... with a puff of flame
             ... on level 4 of the Dungeon.
             The game lasted 00:14:12 (2554 turns).

Majang the Changeling (Felid Shapeshifter)          Turns: 2554, Time: 00:14:13

Health: -4/22      AC:  1    Str: 12    XL:     5   Next: 50%
Magic:  6/6        EV: 17    Int: 12    God:    Dithmenos [......]
Gold:   143        SH:  0    Dex: 15    Spells: 4/4 levels left
                                        Lives:  0   Deaths: 2

rFire   . .          .
                       - Unarmed
rCold   . . .        (shield unavailable)
rNeg    . . .        (body armour unavailable)
rPois   .            (helmet unavailable)
rElec   .            (cloak unavailable)
rCorr   +            (gloves unavailable)
SInv    +            (boots unavailable)
Will    .....        (no amulet)
Stlth   +            o - ring of resist corrosion
HPRegen 0.23/turn    (no ring)
MPRegen 0.10/turn

%: no passive effects
@: beast-form, quick
A: beast (slay +2), very small, claws 1, fangs 3, see invisible, speed 1, shaggy
fur 1, stealthy paws, no weapons or thrown items, no armour, multi-lived
a: Begin Untransformation, Renounce Religion


You were on level 4 of the Dungeon.
You worshipped Dithmenos.
Dithmenos was noncommittal.
You were a hulking beast.
You visited 1 branch of the dungeon, and saw 4 of its levels.

You collected 143 gold pieces.

Inventory:

Jewellery
 o - a ring of resist corrosion (left paw)
Talismans
 b - a beast talisman
 c - a flux talisman
Scrolls
 d - 3 scrolls of teleportation
 f - 7 scrolls of identify {unknown}
Potions
 a - a potion of lignification
 e - a potion of enlightenment {unknown}
 h - a potion of curing {unknown}
 j - a potion of brilliance {unknown}
 l - 2 potions of heal wounds {unknown}


   Skills:
 + Level 1.0 Fighting
 + Level 2.7 Dodging
 + Level 0.1 Stealth
 * Level 4.9 Unarmed Combat
 * Level 5.1 Shapeshifting


You had 4 spell levels left.
You didn't know any spells.
Your spell library contained the following spells:

 Spells                   Type           Power      Damage    Failure   Level
 Volatile Blastmotes      Fire/Tloc      0%         2d10      69%         3
 Fulminant Prism          Conj/Hex       0%         3d5       97%         4
 Iskenderun's Mystic Bla  Conj/Tloc      0%         2d3       97%         4


Dungeon Overview and Level Annotations

Branches:
Dungeon (4/15)
 Temple: D:4-7

Altars:
Dithmenos
Fedhas
Hepliaklqana
Vehumet


Innate Abilities, Weirdness & Mutations

You are a hulking beast.
Your limbs bulge with bestial killing power. (Slay +2)
You have sharp claws.
You have razor-sharp teeth.
You have supernaturally acute eyesight. (SInv)
You cover ground quickly. (Speed+)
You are covered in fur. (AC +1)
Your paws help you pounce on unaware monsters.
You are incapable of wielding weapons or throwing items.
You cannot wear armour.
You gain extra lives every three experience levels.


Message History

Found a glowing mace.
You barely miss the adder. The adder bites you.
You closely miss the adder. The adder closely misses you.
You closely miss the adder. You claw the adder.
The adder is moderately wounded.
The adder bites you.
You claw the adder!
You kill the adder!
You start resting.
HP restored.
There is an open door here.
You see here an adder corpse.
You see here a +2 mace of protection.
Found a shadowy altar of Dithmenos.
There is a shadowy altar of Dithmenos here.
You sit before the altar of Dithmenos.
Dithmenos welcomes you!
Found a stone staircase leading down.
Found a falchion.
An orc wizard and 2 orcs come into view.
The orc wizard shouts!
The orc shouts!
An orc comes into view. It is wielding a +0 hand axe.
The orc shouts!
You hear a shout!
An orc comes into view. It is wielding a +0 club.
You hear a shout!
The orc shouts!
You scratch the orc wizard. Your bite misses the orc wizard.
The orc wizard is lightly wounded.
The orc wizard completely misses you.
You scratch the orc wizard.
The orc wizard is heavily wounded.
The orc wizard casts a spell at you. The puff of flame hits you!
Ouch! That really hurt!
You closely miss the orc wizard.
The orc wizard is moderately wounded.
The orc wizard casts a spell at you. The puff of flame hits you!
Ouch! That really hurt!
You die...

####....#........#
*,,********
####⌠...†).#..##.#
*,,,,,,,,,*
####....#.##..##.#
*,*******,*
###.....#.....##.# *,* *,*
..#_.⌠.#####..##.# *,* *,*
###....# #.....# *,* *,* *
##..##* ###.##.# *,* *,*
** ####,* #......# *,* *,*
,* *,* #>.###h# *,* *,* ,*
*,*##..###o#####.# *,* ,*
*,,.......o...o.o#******,*
**
***##..###..o.###.,,,,,,>*
* ******#,,**####.#
*,********
*****,,,,,,,,,,,,,*l# *,**
,,,,,,,,,,,,,****,*,# *,,*
**** *****,*****,** *,*,*
*,+*****,,, *,* *,* *,*,*
*,*,,,,,*,_


You could see an iguana, an orc wizard and 2 orcs.

Vanquished Creatures
  A bullfrog (D:3)
  An orc wizard (D:3)
  A gnoll (D:1)
  3 adders
  2 worms (D:2)
  A dart slug (D:1)
  3 orcs (D:3)
  8 bats
  4 endoplasms
  A giant cockroach (D:2)
  5 goblins
  11 hobgoblins
  4 jackals (D:1)
  5 kobolds
  5 quokkas
  9 ball pythons
  2 frilled lizards
66 creatures vanquished.

Notes
Turn   | Place    | Note
-------+----------+-------------------------------------------
     0 | D:1      | Majang the Felid Shapeshifter began the quest for the Orb.
     0 | D:1      | Reached XP level 1. HP: 9/9 MP: 2/2
    86 | D:1      | Constricted to death by a ball python
   149 | D:1      | Reached XP level 2. HP: 12/12 MP: 3/3
   379 | D:1      | Reached XP level 3. HP: 15/15 MP: 4/4
   550 | D:1      | Reached skill level 4 in Shapeshifting
   794 | D:2      | Reached XP level 4. HP: 19/19 MP: 5/5
  1590 | D:3      | Found a blossoming altar of Fedhas.
  1742 | D:3      | Noticed a bullfrog
  1748 | D:3      | Killed a bullfrog
  1749 | D:3      | Reached XP level 5. HP: 18/22 MP: 6/6
  1915 | D:3      | Reached skill level 5 in Shapeshifting
  2428 | D:4      | Noticed a phantom
  2430 | D:4      | Found a radiant altar of Vehumet.
  2430 | D:4      | Found a hazy altar of Hepliaklqana.
  2464 | D:4      | HP: 1/22 [ball python (1)]
  2466 | D:4      | Constricted to death by a ball python
  2509 | D:4      | Found a shadowy altar of Dithmenos.
  2518 | D:4      | Became a worshipper of Dithmenos the Shadowed
  2554 | D:4      | Killed from afar by an orc wizard

Illustrated notes

Levels and vault maps discovered:
D:1:      grunt_arrival_crossed_arrows, layout_rooms
D:2:      layout_basic, serial_aquarium, aquarium_bridge_straight
          [aquarium_subvault_bridge, aquarium_subvault_wall,
          aquarium_subvault_bridge, aquarium_subvault_window],
          aquarium_window_2, aquarium_window_fake, aquarium_view_2b,
          aquarium_balcony_1a, chequers_serial_rivers_micro_e, minmay_tromino_v7
D:3:      layout_basic, fedhas_altar_3
D:4:      layout_loops_ring, gammafunk_temple_overflow_pools,
          mainiacjoe_overflow_swirl, nicolae_wu_jian_immortal_techniques,
          nicolae_dithmenos_through_a_glass_darkly, uniq_sigmund

Skill      XL: |  1  2  3  4  5 |
---------------+----------------+-----
Shapeshifting  | 4 5 |  5.1
Unarmed Combat | 4 |  4.9
Fighting       | |  1.0
Dodging        | |  2.7
Stealth        | |  0.1

Action                     |  1- 3 |  4- 6 || total
---------------------------+-------+-------++-------
  Melee: Unarmed           |   104 |    63 ||   167
         Bite              |     6 |     5 ||    11
         Punch             |     3 |     1 ||     4
    Use: Scroll            |       |     6 ||     6
   Stab: Sleeping          |     1 |       ||     1
 Armour: Skin              |    31 |    20 ||    51
  Dodge: Dodged            |    77 |    49 ||   126

Table legend: (Time is in decaauts)
 A = Elapsed time spent in this place.
 B = Non-inter-level travel time spent in this place.
 C = Inter-level travel time spent in this place.
 D = Time resting spent in this place.
 E = Time spent auto-exploring this place.
 F = Levels seen in this place.
 G = Mean time per level.
                   A        B        C        D        E       F      G
               +--------+--------+--------+--------+--------+-----+--------+
         Total |   2154 |   2067 |     87 |    349 |    355 |   4 |  538.5 |
       Dungeon |   2154 |   2067 |     87 |    349 |    355 |   4 |  538.5 |
               +--------+--------+--------+--------+--------+-----+--------+

Top non-repeatable levels by time:
     D:3: 752 daAuts
     D:2: 711 daAuts
     D:1: 570 daAuts
     D:4: 118 daAuts
